 Dungeon Crawl Stone Soup version 0.31-a0-232-gb1c03b2570 (webtiles) character file.

Game seed: 17097665895522996864

242 qw the Shooter (level 6, -5/37 HPs)
             Began as a Gargoyle Hexslinger on July 7, 2023.
             Slain by an iguana (11 damage)
             ... on level 4 of the Dungeon.
             The game lasted 00:00:59 (2526 turns).

qw the Shooter (Gargoyle Hexslinger)                Turns: 2526, Time: 00:01:00

Health: -5/37      AC: 10    Str: 11    XL:     6   Next: 9%
Magic:  7/7        EV: 11    Int: 14    God:
Gold:   160        SH:  0    Dex: 14    Spells: 6/7 levels left

rFire   . . .        Y - +2 sling
rCold   . . .        (no shield)
rNeg    + . .        g - +0 leather armour
rPois   inf          (no helmet)
rElec   +            (no cloak)
rCorr   .            (no gloves)
SInv    .            b - +2 pair of boots
Will    .....        (no amulet)
Stlth   +            (no ring)
HPRegen 0.26/turn    (no ring)
MPRegen 0.10/turn

%: no passive effects
@: no status effects
A: sickness immunity, AC +4, negative energy resistance 1, electricity
resistance, torment resistance 1, petrification resistance
a: no special abilities


You were on level 4 of the Dungeon.
You visited 1 branch of the dungeon, and saw 4 of its levels.

You collected 160 gold pieces.


Innate Abilities, Weirdness & Mutations

You are immune to sickness and miasma.
Your stone body is resilient. (AC +4)
You are immune to poison.
You resist negative energy. (rN+)
You are resistant to electric shocks. (rElec)
You are resistant to unholy torment.
You are immune to petrification.


   Skills:
 - Level 3.0 Fighting
 + Level 5.5 Ranged Weapons
 - Level 1.5 Dodging
 - Level 1.0 Spellcasting
 - Level 2.6 Hexes


You had 6 spell levels left.
You knew the following spells:

 Your Spells              Type           Power      Damage    Failure   Level
a - Slow                  Hex            32%        N/A       12%         1

Your spell library contained the following spells:

 Spells                   Type           Power      Damage    Failure   Level
 Inner Flame              Hex/Fire       4%         N/A       52%         3
 Portal Projectile        Hex/Tloc       8%         N/A       52%         3
 Cause Fear               Hex            4%         N/A       75%         4

Inventory:

Hand Weapons
 Y - a +2 sling (weapon)
Armour
 b - a +2 pair of boots (worn)
 g - a +0 leather armour (worn)
 i - a scarf of harm
Scrolls
 c - 2 scrolls of identify
Potions
 d - 2 potions of haste
 e - a potion of attraction {unknown}
 f - a potion of brilliance {unknown}
 h - a potion of curing
 j - a potion of enlightenment {unknown}
 k - a potion of ambrosia {unknown}
 l - a potion of resistance {unknown}
 n - a potion of mutation {unknown}
 o - a potion of invisibility {unknown}

Dungeon Overview and Level Annotations

Branches:
Dungeon (4/15)
 Temple: D:4-7

Altars:
Hepliaklqana


Message History

An iguana comes into view.
You shoot a sling bullet. The iguana hisses angrily.
The sling bullet hits the iguana.
The iguana is moderately wounded.
A quokka comes into view.
You shoot a sling bullet. The sling bullet hits the iguana.
The iguana is moderately wounded.
The iguana bites you. The iguana barely misses you.
You shoot a sling bullet.
The sling bullet barely misses the iguana.
The iguana closely misses you.
You shoot a sling bullet.
The sling bullet hits the iguana but does no damage.
The iguana is moderately wounded.
The iguana barely misses you.
You shoot a sling bullet.
The sling bullet closely misses the iguana.
The iguana barely misses you.
You shoot a sling bullet.
The sling bullet closely misses the iguana.
The iguana bites you!
You shoot a sling bullet. The sling bullet hits the iguana.
The iguana is heavily wounded.
The iguana barely misses you. The iguana bites you.
You shoot a sling bullet.
The sling bullet closely misses the iguana.
The iguana bites you!
You shoot a sling bullet.
The sling bullet hits the iguana but does no damage.
The iguana is heavily wounded.
The iguana bites you but does no damage.
You shoot a sling bullet.
The sling bullet barely misses the iguana.
The iguana bites you!
You shoot a sling bullet.
The sling bullet hits the iguana but does no damage.
The iguana is heavily wounded.
The iguana bites you!
You die...

#. ....... .....#.##
... ......... ## #.#
........##. #.#
.|........ #.#
.......... #.#
)....rl.#.. #.####
#@###. #.##.. #..#
#.#### #.%..# ##.#
#....###.#### #.#
####......... ...
#.# ##.....####
....###.#####..###.#
#......##..## #.#
#.........## #..
#.<....#### ##.#


You could see an iguana and a quokka.

Vanquished Creatures
  A jelly (D:4)
  2 hounds
  An iguana (D:4)
  5 adders
  A gnoll (D:4)
  A worm (D:2)
  2 dart slugs
  An orc (D:3)
  3 ball pythons
  7 endoplasms
  2 giant cockroaches (D:4)
  5 hobgoblins
  7 jackals
  3 quokkas
  2 bats
  A frilled lizard (D:2)
  11 goblins
  5 kobolds
  5 rats
65 creatures vanquished.

Notes
Turn   | Place    | Note
-------+----------+-------------------------------------------
     0 | D:1      | qw the Gargoyle Hexslinger began the quest for the Orb.
     0 | D:1      | Reached XP level 1. HP: 12/12 MP: 2/2
     0 | D:1      | 0 ||| qw: Version: 0.3-a-46-gb1f654a
     0 | D:1      | 0 ||| qw: Game counter: 2580
     0 | D:1      | 0 ||| qw: Melee chars always use a shield: true
     0 | D:1      | 0 ||| qw: God list: Okawaru
     0 | D:1      | 0 ||| qw: Allow faded altars: false
     0 | D:1      | 0 ||| qw: Do Orc after clearing Dungeon:15 true
     0 | D:1      | 0 ||| qw: Do second Lair branch before Depths: true
     0 | D:1      | 0 ||| qw: Lair rune preference: random
     0 | D:1      | 0 ||| qw: Goals: Normal
     0 | D:1      | 0 ||| PLANNING D:1-11
   149 | D:1      | Reached XP level 2. HP: 16/16 MP: 3/3
   421 | D:1      | Reached skill level 3 in Ranged Weapons
   670 | D:1      | 670 ||| UPGRADING to +0 leather armour.
   680 | D:1      | 680 ||| DROPPING +0 robe.
   681 | D:1      | 681 ||| READING scroll labelled HUBAIQ BEITEL.
   682 | D:1      | 682 ||| READING scroll labelled MEDE TOPTOTA.
   683 | D:1      | 683 ||| DRINKING 3 ruby potions.
   684 | D:1      | 684 ||| DROPPING scroll of poison.
   708 | D:2      | Reached XP level 3. HP: 21/21 MP: 4/4
  1287 | D:2      | Reached XP level 4. HP: 19/26 MP: 5/5
  1434 | D:2      | 1434 ||| UPGRADING to +2 pair of boots.
  1439 | D:2      | 1439 ||| READING 2 scrolls labelled HOIS HOSOEC.
  1440 | D:2      | 1440 ||| READING 2 scrolls labelled JADWAE NECHEN.
  1441 | D:2      | 1441 ||| DRINKING 2 blue potions.
  1442 | D:2      | 1442 ||| DROPPING scroll of fog.
  1467 | D:3      | Reached skill level 4 in Ranged Weapons
  1498 | D:3      | 1498 ||| Stepping ~*~*~tactically~*~*~ (water).
  1773 | D:3      | 1773 ||| FLEEEEING.
  1774 | D:3      | 1774 ||| FLEEEEING.
  1823 | D:3      | Found a hazy altar of Hepliaklqana.
  1910 | D:3      | Reached XP level 5. HP: 30/30 MP: 6/6
  2040 | D:3      | 2040 ||| READING 4 scrolls labelled NUZIATZ FEIWN.
  2043 | D:3      | 2043 ||| READING scroll labelled FEDEIGOU GIESM.
  2044 | D:3      | 2044 ||| READING scroll labelled AXZOT TAATTE.
  2045 | D:3      | 2045 ||| READING scroll labelled XAMARH NUKINIQ.
  2046 | D:3      | 2046 ||| READING 2 scrolls of identify.
  2046 | D:3      | 2046 ||| IDENTIFYING silvery potion
  2106 | D:4      | HP: 3/30 [iguana (11)]
  2107 | D:4      | 2107 ||| READING 3 scrolls of teleportation.
  2108 | D:4      | 2108 ||| DRINKING potion of heal wounds.
  2114 | D:4      | Reached skill level 5 in Ranged Weapons
  2285 | D:4      | HP: 7/32 [gnoll/+0 spear (3)]
  2286 | D:4      | 2286 ||| READING 2 scrolls of teleportation.
  2288 | D:4      | HP: 3/32 [gnoll/+0 spear (2)]
  2289 | D:4      | Reached skill level 3 in Fighting
  2295 | D:4      | 2295 ||| READING scroll of teleportation.
  2500 | D:4      | Reached XP level 6. HP: 36/37 MP: 7/7
  2525 | D:4      | HP: 6/37 [iguana (9)]
  2526 | D:4      | Slain by an iguana

Levels and vault maps discovered:
D:1:      mainiacjoe_arrival_reflecting_pool, layout_loops_ring, st_stairs_13,
          minmay_tiny_reverse_x
D:2:      layout_basic
D:3:      wander_river, layout_basic, general_overflow_altar, minmay_door_square
D:4:      layout_rooms, lemuel_temple_firewalk_a, minmay_cut_off

Skill      XL: |  1  2  3  4  5 |
---------------+----------------+-----
Ranged Weapons | 3 4 5 |  5.5
Fighting       | 2 3 |  3.0
Dodging        | |  1.5
Spellcasting   | |  1.0
Hexes          | |  2.6

Action                     |  1- 3 |  4- 6 || total
---------------------------+-------+-------++-------
   Fire: Sling             |   115 |   126 ||   241
    Use: Scroll            |     2 |    10 ||    12
         Potion            |     1 |     2 ||     3
 Armour: Robe              |    13 |       ||    13
         Leather armour    |    17 |    34 ||    51
  Dodge: Dodged            |    40 |    52 ||    92

Table legend:
 A = Non-vault XP
 B = Vault XP
 C = Vault XP percentage of total XP
 D = Non-vault monster count
 E = Vault monster count
 F = Vault count percentage of total count
                 A         B        C        D         E       F
            +---------+---------+-------+---------+---------+-------
      Total |     340 |       6 |   1.7 |      62 |       3 |   4.6
            +---------+---------+-------+---------+---------+-------
        D:1 |      24 |       6 |  20.0 |      14 |       3 |  17.6
        D:2 |      56 |       0 |   0.0 |      16 |       0 |   0.0
        D:3 |      82 |       0 |   0.0 |      18 |       0 |   0.0
        D:4 |     178 |       0 |   0.0 |      14 |       0 |   0.0
            +---------+---------+-------+---------+---------+-------
